[Event "*** SCC Grand Prix: Titled Tuesday Blitz"]
[Site "Chess.com"]
[Date "2020.07.14"]
[Round "5"]
[White "dopolian"]
[Black "Azoulas1"]
[Result "1-0"]
[WhiteElo "2448"]
[BlackElo "2025"]
[TimeControl "180+1"]
[EndTime "10:56:59 PDT"]
[Termination "dopolian won on time"]

1. Nf3 Nf6 2. c4 e6 3. Nc3 c5 4. d4 cxd4 5. Nxd4 Nc6 6. g3 Be7 7. Bg2 a6 8. O-O Qc7 9. Bg5 d6 10. Rc1 Bd7 11. h4 Nxd4 12. Qxd4 Bc6 13. Nd5 exd5 14.
cxd5 Nxd5 15. Bxd5 O-O 16. Bxe7 Qxe7 17. e3 Rfc8 18.
Rfd1 Bxd5 19. Qxd5 h6 20. Rxc8+ Rxc8 21. Qxd6 Qxd6 22.
Rxd6 Rc1+ 23. Kg2 Rc2 24. Rb6 Rc7 25. Kf3 h5 26. Kf4 g6 27. e4 Kg7 28. f3 Kf8 29. g4 hxg4 30. fxg4 Kg7 31. h5 gxh5 32. gxh5 Re7 33. Kf5 Rc7 34. e5 Rd7 35. e6 fxe6+ 36. Kxe6 Rf7 37. h6+ Kg8 38. Kd6 Kh7 39. Kc5 Rf5+ 40.
Kd4 Rf7 41. b3 Rc7 42. a4 Rf7 43. Ke5 Rc7 44. Ke6 Kxh6 45. Kd6 Rg7 46. Kc5+ Kh7 47.
Rd6 Kg8 48. Kb6 Kf8 49. Rd8+ Ke7 50. Rb8 1-0

[Event "*** SCC Grand Prix: Titled Tuesday Blitz"]
[Site "Chess.com"]
[Date "2020.07.14"]
[Round "5"]
[White "bazar-wokzal"]
[Black "Matibar"]
[Result "0-1"]
[WhiteElo "2439"]
[BlackElo "2685"]
[TimeControl "180+1"]
[EndTime "10:57:00 PDT"]
[Termination "Matibar won by resignation"]

1. e4 e6 2. d4 d5 3. exd5 exd5 4. Nf3 Bd6 5. c4 c6 6. Bd3 dxc4 7. Bxc4 Nf6 8. O-O O-O 9. Nc3 Nbd7 10. Bg5 Nb6 11. Bb3 Bg4 12. h3 Bh5 13. g4 Bg6 14. Ne5 Bxe5 15. dxe5 Qxd1 16. Raxd1 Ne4 17. Nxe4 Bxe4 18. e6 Bd5 19. exf7+ Rxf7 20. f4 Bxb3 21. axb3 h6 22. Bh4 Nd5 23. Rd4 Re8 24. f5 Re3 25. Kh2 Rxb3 26.
Rf2 g5 27. Bg3 Re7 28. Bd6 Ree3 29. f6 Kf7 30. Kg1 Re6 31. Be7 Rxh3 32. Rfd2 Rb3 33. Kf2 Nxf6 34. Bxf6 Rxf6+ 35. Ke2 Kg6 36. Rd7 a5 37.
Rc7 Re6+ 38. Kf2 a4 39. Rdd7 Rxb2+ 40. Kf3 Rb3+ 41. Kf2 Kf6 42. Rxb7 Rxb7 43. Rxb7 Re4 44. Kg3 Re3+ 45. Kf2 Rb3 46. Ra7 a3 47. Ra6 Rc3 48. Ke2 Ke5 49. Kd2 Rc4 50. Rxa3 Rxg4 51. Ra6 Kd5 52. Ke3 Rg3+ 53. Kf2 Rb3 54. Ra3 Rxa3 0-1

[Event "*** SCC Grand Prix: Titled Tuesday Blitz"]
[Site "Chess.com"]
[Date "2020.07.14"]
[Round "5"]
[White "sorito"]
[Black "RobertoJBM"]
[Result "0-1"]
[WhiteElo "2436"]
[BlackElo "2629"]
[TimeControl "180+1"]
[EndTime "10:57:01 PDT"]
[Termination "RobertoJBM won by resignation"]

1. Nf3 d5 2. g3 Bg4 3. Bg2 c6 4. O-O Nd7 5. c4 e6 6. b3 Bd6 7.
Bb2 Ngf6 8. d3 O-O 9. Nbd2 Re8 10. e4 dxe4 11. Nxe4 Nxe4 12. dxe4 Bxf3 13. Qxd6 Bxg2 14. Kxg2 Nf8 15. Qb4 Qe7 16. Qc3 e5 17. Rad1 f6 18. Qa5 b6 19. Qa6 c5 20. Qa4 Ne6 21.
Rd7 Qf8 22. Rxa7 Nd4 23. Bxd4 exd4 24. f3 Rxa7 25. Qxa7 Qd6 26. Rf2 h5 27. h4 d3 28.
Rd2 Rd8 29. Qa3 Qd4 30. Qc1 Qe3 31. Qc3 Rd4 32. a3 g5 33. b4 g4 34. fxg4 Qxe4+ 35. Kh2 hxg4 36. bxc5 bxc5 37. Qa5 Kg7 38. Qc7+ Kg6 39.
Qxc5 Qe3 40. Qa5 Rxc4 41. Rg2 Rc2 42. Qd5 Rxg2+ 43. Kxg2 Qe2+ 44. Kg1 Qe1+ 45. Kg2 Qe2+ 46. Kg1 d2 47. Qg8+ Kf5 48. Qd5+ Kg6 49. Qg8+ Kf5 50.
Qd5+ Qe5 51. Qd3+ Ke6 52. Qxd2 Qxg3+ 53. Kf1 Qxa3 54. Qe2+ Kf5 55. Qb5+ Kg6 56. h5+ Kh6 57. Qf5 Qh3+ 58. Kf2 g3+ 0-1

[Event "*** SCC Grand Prix: Titled Tuesday Blitz"]
[Site "Chess.com"]
[Date "2020.07.14"]
[Round "5"]
[White "MisiekZielony"]
[Black "Schandenfreude"]
[Result "0-1"]
[WhiteElo "2221"]
[BlackElo "2456"]
[TimeControl "180+1"]
[EndTime "10:57:01 PDT"]
[Termination "Schandenfreude won on time"]

1. c4 c6 2. Nc3 d5 3. cxd5 cxd5 4. d4 Nf6 5. Nf3 a6 6. Bf4 Nc6 7. Rc1 Bf5 8. e3 e6 9. Bd3 Bxd3 10. Qxd3 Be7 11.
O-O O-O 12. Ne5 Qa5 13. Nxc6 bxc6 14. Bg5 c5 15. dxc5 Qxc5 16. Na4 Qb5 17. Qd1 Rac8 18. b3 h6 19. Bh4 Qb4 20. Bxf6 Bxf6 21. Qe2 a5 22.
Rc2 Qa3 23. g3 g6 24. Qd2 Rxc2 25. Qxc2 Kg7 26. Rd1 h5 27. h4 Qd6 28. Qd2 Qa3 29.
Rc1 Rd8 30. Rc2 d4 31. e4 d3 32. Rc4 Qd6 33. Kg2 Qe5 34. f4 Qa1 35. Rc1 Qd4 36.
Rc4 Qa1 37. Rc1 Qd4 38. Rc4 Qd7 39. Nc5 Qa7 40. Nxd3 Qd7 41. e5 Be7 42. Rc3 Bb4 0-1

[Event "*** SCC Grand Prix: Titled Tuesday Blitz"]
[Site "Chess.com"]
[Date "2020.07.14"]
[Round "5"]
[White "Rodalquilar"]
[Black "David_Paravyan"]
[Result "0-1"]
[WhiteElo "2635"]
[BlackElo "2937"]
[TimeControl "180+1"]
[EndTime "10:57:02 PDT"]
[Termination "David_Paravyan won by resignation"]

1. d4 Nf6 2. c4 g6 3. Nc3 d5 4.
cxd5 Nxd5 5. Bd2 Bg7 6. e4 Nb6 7. Be3 O-O 8. f4 c5 9. Nf3 cxd4 10. Bxd4 Bxd4 11. Qxd4 Nc6 12. Qc5 Bg4 13. Rd1 Qb8 14.
Qg5 Bxf3 15. gxf3 e5 16. f5 Nd4 17. Rxd4 exd4 18. f6 Kh8 19. Nb5 a6 20. h4 Nd7 21.
h5 Qe5 22. hxg6 fxg6 23. Qh6 Nxf6 24. Na3 Nh5 25. Nc4 Qg3+ 26. Kd2 Qf4+ 27. Qxf4 Nxf4 28. Be2 Kg7 29. Ne5 Rad8 30. Nd3 Nxd3 31. Kxd3 h5 32. e5 Rf5 33. Ke4 d3 34. Bxd3 Rxd3 35. Kxd3 Rxe5 36. Rc1 Re7 37. Kd4 Kf6 38. Kd5 Kf5 39. Kd6 Re2 40. Rc5+ Kf4 41. Rc4+ Kxf3 42. Rb4 b5 43. Kc6 g5 44.
Kb6 Re6+ 45. Ka5 h4 46. Rb3+ Kf4 47. Rc3 g4 48. Rc8 h3 49. Rf8+ Kg3 50. Rc8 Re3 51. Re8 Rxe8 0-1

[Event "*** SCC Grand Prix: Titled Tuesday Blitz"]
[Site "Chess.com"]
[Date "2020.07.14"]
[Round "5"]
[White "dretch"]
[Black "viditchess"]
[Result "1-0"]
[WhiteElo "2826"]
[BlackElo "2996"]
[TimeControl "180+1"]
[EndTime "10:57:04 PDT"]
[Termination "dretch won on time"]

1. d4 Nf6 2. c4 e6 3. Nc3 Bb4 4. Qc2 O-O 5. e4 d5 6. e5 Ne4 7. Bd3 c5 8. Nf3 cxd4 9. Nxd4 Nd7 10. Bf4 Bxc3+ 11. bxc3 Qh4 12. g3 Qh5 13. Be2 Qh3 14. f3 Nec5 15. cxd5 exd5 16. Kf2 Re8 17. Rae1 Qh5 18.
g4 Qh4+ 19. Bg3 Qd8 20. Bd3 Nxd3+ 21. Qxd3 Nc5 22. Qd2 Bd7 23. h4 Rc8 24. h5 h6 25.
Bf4 Qb6 26. g5 hxg5 27. Bxg5 Bf5 28. Re3 Bh7 29. Rg1 Rxe5 30. Rxe5 Nd3+ 31. Kf1 Nxe5 32. Bh6 Bd3+ 33. Kf2 g6 34. Bf4 Qf6 35. Bxe5 Qxe5 36. Qxd3 Qh2+ 37. Rg2 Qxh5 38. Qd2 Qh4+ 39. Kg1 Re8 40. Re2 Qg3+ 41. Kf1 Rc8 42. Qe1 Qh3+ 43. Kg1 Rc4 44. Rh2 Qd7 45. Qe5 1-0

[Event "*** SCC Grand Prix: Titled Tuesday Blitz"]
[Site "Chess.com"]
[Date "2020.07.14"]
[Round "5"]
[White "SilviusTiberius"]
[Black "Olga_Zhuravleva"]
[Result "1/2-1/2"]
[WhiteElo "2482"]
[BlackElo "2317"]
[TimeControl "180+1"]
[EndTime "10:57:04 PDT"]
[Termination "Game drawn - insufficient material"]

1. e4 e5 2. Nf3 Nc6 3. Bb5 f5 4. d3 Nf6 5. O-O Bc5 6. exf5 O-O 7. Bg5 d6 8. Bxc6 bxc6 9. d4 exd4 10. Nxd4 Bxd4 11.
Qxd4 Bxf5 12. Qc4+ Kh8 13. Qxc6 h6 14. Bh4 Rb8 15. b3 Rb6 16. Qa4 Qb8 17. Bxf6 Rxf6 18.
Re1 c6 19. Na3 d5 20. Qa5 Rf7 21. Rad1 Qf4 22. Qc5 Qg5 23. Re5 Qg6 24. Re3 Rb8 25.
Rde1 Be4 26. Rg3 Qf6 27. c4 Qb2 28. cxd5 Bxd5 29. h3 Rbf8 30. Rf1 Qxa2 31. Nc4 Qc2 32. Qd4 Bxc4 33. bxc4 a5 34. h4 a4 35. h5 Qf5 36. Rf3 Qxh5 37. Rxf7 Qxf7 38. c5 a3 39. Ra1 a2 40. Qe3 Qc4 41. Qd2 Ra8 42. g3 Qb3 43. Kg2 Qc4 44. Kh2 Qxc5 45. Rxa2 Rxa2 46. Qxa2 Qh5+ 47. Kg2 Qd5+ 48. Qxd5 cxd5 49. Kf3 Kg8 50. Kf4 Kf7 51. Ke5 Kg6 52. Kxd5 Kf5 53. f3 g5 54.
Kd4 h5 55. Ke3 h4 56. gxh4 gxh4 57. Kf2 Kf4 58. Kg2 Ke3 59. Kh3 Kxf3 60. Kxh4 1/2-1/2

[Event "*** SCC Grand Prix: Titled Tuesday Blitz"]
[Site "Chess.com"]
[Date "2020.07.14"]
[Round "5"]
[White "WinstonSilvakov"]
[Black "sertalzin"]
[Result "1-0"]
[WhiteElo "2117"]
[BlackElo "1943"]
[TimeControl "180+1"]
[EndTime "10:57:04 PDT"]
[Termination "WinstonSilvakov won on time"]

1. e4 c6 2. d4 d5 3. exd5 cxd5 4. c4 Nf6 5. Nc3 g6 6. Nf3 Bg7 7. Bg5 O-O 8. Bxf6 Bxf6 9. Nxd5 Bg7 10. Nc3 Nc6 11.
d5 Bxc3+ 12. bxc3 Qa5 13. dxc6 Qxc3+ 14. Nd2 bxc6 15. Be2 Rd8 16. Rc1 Qd4 17. Nf3 Qb6 18. Qb3 Qa5+ 19. Qc3 Qxa2 20. h4 Bg4 21. Qc2 Qa5+ 22.
Kf1 Rab8 23. Ng5 Rd2 24. Qe4 Bxe2+ 25. Kg1 Qd8 26. h5 Rd1+ 27. Kh2 Rxh1+ 28. Rxh1 Qd6+ 29. g3 Bxh5 30. Kg2 h6 31. Rxh5 hxg5 32. Rxg5 Kg7 33. Ra5 Rb7 34. Qe3 Rd7 35. Rxa7 Rxa7 36. Qxa7 c5 37.
Qa1+ Qd4 38. Qc1 e5 39. Qg5 f6 40. Qc1 Qe4+ 41. Kh2 Qd4 42. Qc2 f5 43. Kg1 Kf6 44. Qa4 e4 45. Qc6+ Kg5 46. Qe6 Qd1+ 47. Kh2 1-0

[Event "*** SCC Grand Prix: Titled Tuesday Blitz"]
[Site "Chess.com"]
[Date "2020.07.14"]
[Round "5"]
[White "Carnivoras"]
[Black "Batica1984"]
[Result "0-1"]
[WhiteElo "2606"]
[BlackElo "2871"]
[TimeControl "180+1"]
[EndTime "10:57:05 PDT"]
[Termination "Batica1984 won by resignation"]

1. d4 Nf6 2. c4 c5 3. d5 b5 4. cxb5 a6 5. bxa6 g6 6. Nc3 Bxa6 7. e4 Bxf1 8. Kxf1 d6 9. g3 Bg7 10. Kg2 O-O 11. Nf3 Qb6 12. Re1 Nbd7 13. h3 Rfb8 14. Qc2 Ne8 15. Re2 Nc7 16. Bg5 h6 17. Bf4 Qa6 18.
Rae1 Nb5 19. Nxb5 Qxb5 20. b3 Nb6 21. Nd2 Qb4 22. Nc4 Nxc4 23. Qxc4 Qxc4 24. bxc4 Ra4 25.
Rc1 g5 26. Be3 Rbb4 27. Rec2 Bf6 28. Kf3 Kg7 29. Bd2 Rb7 30. Kg2 Kg6 31. f4 Bd4 32. e5 dxe5 33. fxe5 Bxe5 34. Be3 Bd6 35. Re1 f6 36.
Bf2 h5 37. g4 h4 38. Bg1 Rbb4 39. Re4 Ra3 40. Bh2 Rba4 41. Bxd6 exd6 42. Ree2 Rg3+ 43. Kf1 Rxh3 44. Re6 Rf3+ 45. Kg2 Rg3+ 46. Kh2 Rxg4 47. Rxd6 Rgxc4 48. Rb2 g4 49. Rd8 Rf4 50. d6 Rad4 51. d7 Kf5 52. Rc2 c4 53. a4 Rf3 54. a5 c3 55. Rd2 Rxd2+ 0-1

[Event "*** SCC Grand Prix: Titled Tuesday Blitz"]
[Site "Chess.com"]
[Date "2020.07.14"]
[Round "5"]
[White "Oligan22"]
[Black "PauloCesarCosta_sad"]
[Result "1-0"]
[WhiteElo "2452"]
[BlackElo "2215"]
[TimeControl "180+1"]
[EndTime "10:57:05 PDT"]
[Termination "Oligan22 won on time"]

1. e4 e6 2. d4 d5 3. Nd2 Nf6 4. e5 Nfd7 5. Bd3 c5 6. c3 Nc6 7.
Ne2 Qb6 8. Nf3 cxd4 9. cxd4 f6 10. exf6 Nxf6 11. O-O Bd6 12. a3 O-O 13. Bf4 Bxf4 14. Nxf4 Qxb2 15. Re1 Re8 16. Ng5 Qxd4 17. Nh5 h6 18.
Nf3 Qg4 19. Nxf6+ gxf6 20. Qd2 Qg7 21. Rab1 e5 22. Bf1 Be6 23. g3 Rac8 24. Nh4 Red8 25. Bg2 d4 26. Qb2 b6 27. Be4 Bd5 28. Bf5 Rc7 29.
Rbc1 Na5 30. Rxc7 Qxc7 31. Qd2 Qg7 32. Bb1 Nc4 33. Qd3 Nd6 34. a4 Bc4 35. Qc2 Bd5 36.
Qd2 Nc4 37. Qc2 Nd6 38. Ng6 Re8 39. Nh4 Nc4 40. Nf5 Qh7 41. Qa2 Kh8 42. Nd6 Nxd6 43.
Qxd5 Qe7 44. Qc6 Rd8 45. Qf3 Qg7 46. Qe2 Nf7 47. a5 Rf8 48. axb6 axb6 49. Qe4 Ng5 50.
Qf5 Nf7 51. Rc1 Ng5 52. Rc6 Qh7 53. Rxf6 1-0

[Event "*** SCC Grand Prix: Titled Tuesday Blitz"]
[Site "Chess.com"]
[Date "2020.07.14"]
[Round "5"]
[White "ErikRonka"]
[Black "andrzej"]
[Result "1-0"]
[WhiteElo "2369"]
[BlackElo "2195"]
[TimeControl "180+1"]
[EndTime "10:57:05 PDT"]
[Termination "ErikRonka won on time"]

1. d4 Nf6 2. c4 e6 3. Nc3 Bb4 4. a3 Bxc3+ 5. bxc3 O-O 6. f3 c5 7. e4 d6 8. Bd3 Qa5 9. Bd2 Nc6 10. Ne2 b6 11.
O-O Ba6 12. f4 d5 13. e5 Ne4 14. Be1 Bxc4 15. Bxc4 dxc4 16. f5 cxd4 17. cxd4 Qd5 18. f6 Rfd8 19. fxg7 Nxe5 20. Qc1 Nd3 21. Qe3 b5 22.
Bh4 Rd7 23. Kh1 f5 24. Nf4 Nxf4 25. Qxf4 Rxg7 26. Rf3 Rf8 27. Qe3 Rg4 28. Be7 Rf7 29. Bb4 Rfg7 30. Ra2 c3 31. Rc2 Qb3 32. Qc1 Qc4 33.
Bxc3 Nxc3 34. Rfxc3 Qd5 35. Rc8+ Kf7 36. R2c7+ Kg6 37.
Rxg7+ Kxg7 38. Qf1 Qxd4 39. Rc2 Qe4 40. Qc1 h5 41.
Rc7+ Kg6 42. h3 Rf4 43. Qc5 Qe1+ 44. Kh2 Qe4 45. Qf8 1-0

[Event "*** SCC Grand Prix: Titled Tuesday Blitz"]
[Site "Chess.com"]
[Date "2020.07.14"]
[Round "5"]
[White "Agent-JL"]
[Black "DaggiGretarsson"]
[Result "1-0"]
[WhiteElo "2419"]
[BlackElo "2579"]
[TimeControl "180+1"]
[EndTime "10:57:06 PDT"]
[Termination "Agent-JL won on time"]

1. Nf3 g6 2. b3 Bg7 3. d4 c5 4. e3 Nc6 5. Bb2 d5 6. Bb5 Nf6 7.
O-O Qb6 8. Bxc6+ bxc6 9. dxc5 Qxc5 10. Qc1 Qa5 11. Nbd2 O-O 12. c4 Ba6 13. Rd1 Rfc8 14.
Bc3 Qb6 15. Qa3 dxc4 16. bxc4 c5 17. Rab1 Qc6 18. h3 Bb7 19. Nb3 Qa6 20. Qxa6 Bxa6 21. Na5 Kf8 22. g4 Ke8 23. g5 Nh5 24. Bxg7 Nxg7 25. Ne5 Nf5 26. Rd5 Rc7 27. Rd2 Nd6 28. Rdb2 Rac8 29. Rb8 f6 30. Rxc8+ Bxc8 31. gxf6 exf6 32.
Nd3 Bxh3 33. Nf4 Bf5 34. Rb8+ Kf7 35. Nd5 Rd7 36. Ra8 Be4 37. Rb8 Nxc4 38. Nxf6 Rd1+ 39. Kh2 Rh1+ 40. Kg3 Kxf6 41. Nxc4 g5 42. f3 Bd5 43. Nd6 h5 44. e4 h4+ 45. Kg2 Rd1 46. exd5 Rd2+ 47. Kh3 Rd3 48. Kg4 Ke5 49. Ne4 Kxd5 50.
Rd8+ Kc4 51. Nd6+ 1-0

[Event "*** SCC Grand Prix: Titled Tuesday Blitz"]
[Site "Chess.com"]
[Date "2020.07.14"]
[Round "5"]
[White "tigra"]
[Black "amintabatabaei"]
[Result "1-0"]
[WhiteElo "2835"]
[BlackElo "3007"]
[TimeControl "180+1"]
[EndTime "10:57:07 PDT"]
[Termination "tigra won by checkmate"]

1. e4 c5 2. Nf3 Nc6 3. d4 cxd4 4. Nxd4 e5 5. Nb5 d6 6. N1c3 a6 7. Na3 Be6 8. Nc4 Rb8 9. Ne3 Nf6 10. Ned5 Bxd5 11.
exd5 Ne7 12. g3 g6 13. a4 Bg7 14. a5 O-O 15. Bg2 Nf5 16. Ne2 Re8 17. O-O Qc7 18.
b3 e4 19. Ra2 h5 20. c4 Nd7 21.
Bh3 Ne5 22. Bxf5 Nf3+ 23. Kg2 gxf5 24. Ng1 Nxg1 25. Kxg1 h4 26. Be3 Qe7 27. Qh5 Qf6 28. Rc2 Qg6 29. Qxh4 Bf6 30. Qh3 Kg7 31. Qg2 Rh8 32. f3 Rbe8 33. Re2 Rh5 34. Bb6 Reh8 35. fxe4 Rxh2 36. Qxh2 Rxh2 37. Rxh2 fxe4 38. Rhf2 Kg8 39. Be3 Be5 40. g4 f5 41. Rg2 f4 42. Bxf4 Bd4+ 43. Kh2 e3 44. Re2 Qd3 45. Rfe1 Qxb3 46. Bxe3 Bxe3 47. Rxe3 Qxc4 48. Re8+ Kf7 49. R8e7+ Kg6 50.
Kg3 Qxd5 51. R1e6+ Kg5 52. Rg7# 1-0

[Event "*** SCC Grand Prix: Titled Tuesday Blitz"]
[Site "Chess.com"]
[Date "2020.07.14"]
[Round "5"]
[White "Klavdia_Nik"]
[Black "GaboSalazar2001"]
[Result "0-1"]
[WhiteElo "2064"]
[BlackElo "2305"]
[TimeControl "180+1"]
[EndTime "10:57:07 PDT"]
[Termination "GaboSalazar2001 won on time"]

1. Nf3 Nf6 2. c4 g6 3. b3 Bg7 4. Bb2 O-O 5. g3 c5 6. Bg2 Nc6 7. O-O d6 8. d4 cxd4 9. Nxd4 Bd7 10. Nc3 Qb6 11. Nc2 a5 12. Rb1 Nb4 13. Nd4 Ng4 14. e3 Ne5 15. Nd5 Nxd5 16. Bxd5 a4 17. Bc3 Qa6 18. f4 Nc6 19. Nb5 Bxc3 20. Nxc3 axb3 21. axb3 Nb4 22. Bf3 Qb6 23. Re1 Bf5 24. Be4 Bxe4 25.
Nxe4 Ra2 26. Re2 Rfa8 27. Nc3 Rxe2 28. Qxe2 Qa5 29. Nb5 Qa2 30. Rb2 Qa1+ 31. Kg2 Nd3 32. Rd2 Nc5 33. e4 Qa6 34. b4 Na4 35. Rc2 Qc6 36.
Nd4 Qc7 37. Nf3 Rc8 38. h4 Nb6 39. c5 dxc5 40. bxc5 Nd7 41. c6 bxc6 42. h5 Nb8 43. hxg6 hxg6 44. Qc4 Qd6 45. Ng5 e6 46. e5 Qe7 47.
Ne4 Nd7 48. Nd6 Rb8 49. Qxc6 Nf8 50. Qf3 Rd8 51. Qc6 Rd7 52. Qc5 Ra7 0-1

[Event "*** SCC Grand Prix: Titled Tuesday Blitz"]
[Site "Chess.com"]
[Date "2020.07.14"]
[Round "5"]
[White "AryanTari"]
[Black "NikolaGry"]
[Result "1-0"]
[WhiteElo "2880"]
[BlackElo "2650"]
[TimeControl "180+1"]
[EndTime "10:57:08 PDT"]
[Termination "AryanTari won by resignation"]

1. e4 e5 2. Nf3 d6 3. d4 exd4 4. Nxd4 Nf6 5. Nc3 g6 6. g3 Bg7 7. Bg2 O-O 8. O-O Bd7 9. a4 Nc6 10. Nde2 Re8 11. h3 a6 12. Be3 h6 13. Qd2 Kh7 14.
f4 h5 15. a5 Rb8 16. b3 Qe7 17. Rad1 Qf8 18. f5 Qh8 19. Bg5 Rf8 20. Nd5 Rbe8 21. Nxc7 Nxe4 22. Bxe4 Rxe4 23. f6 Bxh3 24. fxg7 Qxg7 25.
Bf6 Qh6 26. Qxh6+ Kxh6 27. Rf2 Bg4 28. Rd2 Ne5 29. Bxe5 dxe5 30. Nd5 f5 31. c4 Rd8 32. Nec3 Re1+ 33. Rf1 Rxf1+ 34. Kxf1 e4 35. Kf2 Kg5 36. Ke3 h4 37. gxh4+ Kxh4 38. Rh2+ Kg3 39. Rh7 g5 40. Rxb7 Bf3 41. Rg7 g4 42. c5 Rf8 43. c6 f4+ 44.
Nxf4 Rxf4 45. c7 Rf8 46. Rd7 Bg2 47. Rd8 Rf3+ 48. Kd4 Rd3+ 49. Kc4 Bf1 50. Rxd3+ exd3 51. Ne4+ Kf4 52. Nd2 Ke3 53. c8=Q Kxd2 54. Qxg4 Ke1 55. Kc3 Be2 56. Qg1+ 1-0

[Event "*** SCC Grand Prix: Titled Tuesday Blitz"]
[Site "Chess.com"]
[Date "2020.07.14"]
[Round "5"]
[White "Titus369"]
[Black "Manukyan_Artak"]
[Result "1/2-1/2"]
[WhiteElo "2526"]
[BlackElo "2369"]
[TimeControl "180+1"]
[EndTime "10:57:10 PDT"]
[Termination "Game drawn - insufficient material"]

1. e4 c6 2. d4 d5 3. Nd2 dxe4 4. Nxe4 Nf6 5. Nxf6+ exf6 6. Be3 Bd6 7. Bd3 O-O 8. Ne2 Qc7 9. c3 c5 10. Qc2 h5 11. O-O-O c4 12. Bf5 Nc6 13. Ng3 h4 14.
Bxc8 Raxc8 15. Nf5 b5 16. Nxh4 b4 17. Nf5 b3 18.
axb3 cxb3 19. Qe4 Rfe8 20. Qg4 g6 21. h4 Ne7 22. Nxd6 Qxd6 23. h5 g5 24. h6 Nd5 25.
Bxg5 fxg5 26. Qxg5+ Qg6 27. Qxg6+ fxg6 28. Rhe1 Nf4 29.
Kd2 Nxg2 30. Rxe8+ Rxe8 31. Ra1 Re7 32. Ra6 Kh7 33.
d5 Nf4 34. c4 Re2+ 35. Kc3 Rxf2 36. d6 Ne2+ 37. Kxb3 Nc1+ 38. Kc3 Rf8 39. Kc2 Ne2 40. c5 g5 41. Rxa7+ Kxh6 42. c6 Nd4+ 43. Kd3 Nxc6 44. Ra6 Ne5+ 45. Ke4 Nd7 46. Ra7 Rf7 47. Kd4 g4 48.
Ra8 g3 49. Rg8 Rg7 50. Rxg7 Kxg7 51. Ke3 Kf6 52. Kf3 Ke5 53. Kxg3 Kxd6 54. Kf2 Kc5 55. Ke3 Kb4 56. Kd2 Kb3 57. Kc1 Nc5 58. Kb1 Na4 59. Kc1 Nxb2 1/2-1/2

[Event "*** SCC Grand Prix: Titled Tuesday Blitz"]
[Site "Chess.com"]
[Date "2020.07.14"]
[Round "5"]
[White "Jumbo"]
[Black "aliba25"]
[Result "1-0"]
[WhiteElo "2862"]
[BlackElo "2603"]
[TimeControl "180+1"]
[EndTime "10:57:12 PDT"]
[Termination "Jumbo won by resignation"]

1. d4 Nf6 2. Bf4 g6 3. e3 Bg7 4. Nf3 O-O 5. Be2 d6 6. h3 Nc6 7.
O-O Nd7 8. Bh2 e5 9. a4 f5 10. a5 a6 11. c3 Kh8 12. b4 Qe7 13. Na3 f4 14. exf4 exd4 15. Nxd4 Bxd4 16. cxd4 Nxb4 17. Bf3 Qf7 18. Nc2 Nd5 19. Bxd5 Qxd5 20. Ne3 Qf7 21. Rc1 Nf6 22. d5 Nh5 23. Qd4+ Kg8 24. Rc4 Re8 25. Rfc1 Re7 26. g4 Ng7 27. Bg3 h5 28. Bh4 Rd7 29. Bg5 c5 30. dxc6 bxc6 31. Rxc6 Bb7 32. Rxd6 Rxd6 33. Qxd6 Ne6 34. Qe5 Re8 35. Bh6 Nf8 36. Qc7 Re7 37. Qd6 Rd7 38.
Qxf8+ Qxf8 39. Bxf8 Kxf8 40. Kh2 Kf7 41. Kg3 hxg4 42. hxg4 Be4 43. Rc5 Bd3 44. Re5 Bb5 45. Kh4 Rd4 46. Kg5 Ra4 47. f5 gxf5 48. Nxf5 Rxa5 49.
Nd6+ Kf8 50. f4 Ra4 51. Nxb5 axb5 52. Rxb5 1-0

[Event "*** SCC Grand Prix: Titled Tuesday Blitz"]
[Site "Chess.com"]
[Date "2020.07.14"]
[Round "5"]
[White "reniite"]
[Black "Michaelson_11"]
[Result "0-1"]
[WhiteElo "1900"]
[BlackElo "2109"]
[TimeControl "180+1"]
[EndTime "10:57:13 PDT"]
[Termination "Michaelson_11 won by resignation"]

1. e4 c5 2. Nf3 Nc6 3. d4 cxd4 4.
Nxd4 g6 5. Nc3 Bg7 6. Nde2 Nf6 7. g3 O-O 8. Bg2 d6 9. O-O Bg4 10. h3 Bd7 11. Nd5 Rc8 12. Be3 b6 13. Rc1 Ne5 14.
b3 Bc6 15. c4 Ned7 16. Nd4 Bb7 17. Kh2 Nc5 18. f3 a5 19. Re1 Nfd7 20. Bf2 e6 21.
Nc3 h5 22. f4 e5 23. f5 exd4 24. Bxd4 Ne5 25. fxg6 fxg6 26. Nb5 Ncd3 27. Bxe5 Nxe5 28. Nxd6 Rc7 29. c5 bxc5 30. Nxb7 Rxb7 31. Qd5+ Qxd5 32. exd5 Nd3 33. d6 Rd7 34. Re7 Rxe7 35. dxe7 Nxc1 36. exf8=Q+ Kxf8 37. Bd5 Nxa2 38. b4 Nxb4 39. Bb3 Ke7 40. g4 hxg4 41. hxg4 g5 42. Kg3 Kd6 43. Kf3 Ke5 44.
Ke3 Bf8 45. Kd2 Kd4 46. Kc1 c4 47. Ba4 Bd6 48. Bb5 c3 49. Ba4 Bf4+ 50. Kb1 Ke3 51. Ka1 Kd2 52. Kb1 c2+ 53. Bxc2 Nxc2 54. Kb2 Nd4 55. Ka3 Ke3 56. Ka4 Kf3 57. Kxa5 Kxg4 58. Kb6 Kf3 59. Kc5 g4 60. Kxd4 g3 61. Kd3 g2 0-1

[Event "*** SCC Grand Prix: Titled Tuesday Blitz"]
[Site "Chess.com"]
[Date "2020.07.14"]
[Round "5"]
[White "nrvisakh"]
[Black "keepitcool9499"]
[Result "1-0"]
[WhiteElo "2778"]
[BlackElo "2557"]
[TimeControl "180+1"]
[EndTime "10:57:14 PDT"]
[Termination "nrvisakh won by resignation"]

1. e4 e6 2. d4 d5 3. e5 c5 4. c3 Nc6 5. Nf3 Bd7 6. Bd3 f5 7. exf6 Nxf6 8. O-O Bd6 9. Qe2 O-O 10. Nbd2 Qc7 11. Bb5 Rae8 12. Bxc6 Bxc6 13. Ne5 Bxe5 14. dxe5 Ne4 15. f3 Nxd2 16. Bxd2 a6 17. Rfe1 Rf5 18. Qf2 Ref8 19. Qxc5 Rxe5 20. Rxe5 Qxe5 21. Re1 Qf6 22. Qd6 Re8 23. Bf4 Qe7 24. Qe5 Qf6 25. Qe3 h6 26. h3 Qf5 27. Kh2 Kh7 28. Bg3 Qg6 29.
a3 Bd7 30. Qd2 Bc6 31. Re5 Rf8 32. h4 Rf5 33. Re1 Qf6 34. Qd4 Qxd4 35. cxd4 Bd7 36. Rc1 Bc6 37. Be5 Rf8 38. Kg3 Rc8 39. Kf4 Kg6 40.
g4 Kf7 41. Rc3 Bd7 42. Bc7 Bc6 43. Bd6 Kf6 44. h5 g5+ 45. hxg6 Kxg6 46. Ke5 Re8 47. f4 h5 48. gxh5+ Kxh5 49. Rg3 Kh4 50. Rg7 Kh5 51. Be7 Kh6 52. Bf6 Kh5 53. Bg5 Kg4 54. b4 Kf3 55. Bh4 Ke3 56. Rg3+ Kd2 57. Bf6 Kc2 58. Kd6 Rf8 59. Kxe6 Rg8 60. Rxg8 1-0

[Event "*** SCC Grand Prix: Titled Tuesday Blitz"]
[Site "Chess.com"]
[Date "2020.07.14"]
[Round "5"]
[White "albano87"]
[Black "ENajer77"]
[Result "1-0"]
[WhiteElo "2479"]
[BlackElo "2687"]
[TimeControl "180+1"]
[EndTime "10:57:14 PDT"]
[Termination "albano87 won on time"]

1. d4 Nf6 2. Nf3 e6 3. g3 b5 4. Bg2 Bb7 5. O-O Be7 6. a4 b4 7. c4 a5 8. b3 O-O 9. Bb2 d5 10. Ne5 Qc8 11. Nd2 Nfd7 12. cxd5 exd5 13. Ndf3 Bd6 14.
Rc1 f6 15. Nd3 Kh8 16. Qd2 Nc6 17. Rc2 Ne7 18. Rfc1 Ba6 19. Nc5 Re8 20. e3 Bxc5 21. dxc5 c6 22. Bh3 Qc7 23. Nd4 Ne5 24. Ra1 Bc8 25. Bg2 Nf5 26. Rcc1 Nxd4 27. Bxd4 Bf5 28. Qe2 Rad8 29. Rd1 Qc8 30. Rac1 Bg4 31. f3 Bh5 32. g4 Bg6 33. h3 Bf7 34. Qf2 Kg8 35. f4 Nd7 36. Qg3 Kh8 37. h4 Rg8 38. g5 Rdf8 39.
e4 dxe4 40. Bxe4 Bg6 41. Bxg6 hxg6 42. Bb2 Rd8 43. h5 gxh5 44. Qh3 g6 45. gxf6 Kh7 46.
f7 Rgf8 47. f5 1-0

[Event "*** SCC Grand Prix: Titled Tuesday Blitz"]
[Site "Chess.com"]
[Date "2020.07.14"]
[Round "5"]
[White "MusicCityMaster"]
[Black "maciek_92"]
[Result "1-0"]
[WhiteElo "2430"]
[BlackElo "2616"]
[TimeControl "180+1"]
[EndTime "10:57:16 PDT"]
[Termination "MusicCityMaster won by resignation"]

1. e4 c5 2. Nf3 e6 3. d4 cxd4 4. Nxd4 Nc6 5. Nc3 a6 6. g3 h5 7.
h3 Qc7 8. Bg2 Nf6 9. O-O Nxd4 10. Qxd4 Bc5 11. Qd3 Be7 12. Bf4 d6 13. Rad1 e5 14. Bg5 Be6 15. Bxf6 gxf6 16. Nd5 Qc5 17. c3 Rc8 18. Kh2 Bxd5 19. Qxd5 Qxd5 20. Rxd5 h4 21. g4 Bf8 22. f4 Ke7 23. g5 Bg7 24. fxe5 fxe5 25.
Bf3 Rc4 26. Rfd1 Rd8 27. R1d3 Bf8 28. b3 Rc6 29. c4 Bg7 30. Bg4 b6 31. Rf3 Rg8 32.
Bh5 Rf8 33. Kg2 f6 34. gxf6+ Rxf6 35. Rdd3 Rc8 36. Bg4 Rg8 37. Rf5 Rxf5 38. exf5 Bf6 39. Kf3 Rc8 40. Ke4 b5 41. cxb5 axb5 42. Rd5 b4 43.
Rb5 Rc1 44. Rb7+ Kd8 45. Rxb4 Rc5 46. Rb7 d5+ 47. Ke3 Rc3+ 48. Kd2 e4 49. Rb6 Be5 50. Re6 Rd3+ 51. Ke2 Bf4 52. f6 Rd2+ 53. Ke1 Rxa2 54. f7 Bd2+ 55. Kd1 Bh6 56. Rxh6 Ke7 57. Rf6 Kf8 58.
Be6 d4 59. Rg6 Ra1+ 60. Kc2 Ra2+ 61. Kb1 Rf2 62. Rg8+ Ke7 63. Re8+ Kd6 64. f8=Q+ Rxf8 65. Rxf8 Kxe6 66. Rf4 Ke5 67. Rxh4 d3 68. Kc1 e3 69. Kd1 1-0